 Dungeon Crawl Stone Soup version 0.31-a0-202-g547052bce9 (webtiles) character file.

Game seed: 353700747221799400

53 qw the Shooter (level 3, 0/20 HPs)
             Began as a Deep Elf Hunter on June 26, 2023.
             Succumbed to their own poison gas
             ... on level 2 of the Dungeon.
             The game lasted 00:00:32 (1563 turns).

qw the Shooter (Deep Elf Hunter)                    Turns: 1563, Time: 00:00:32

Health: 0/20       AC:  8    Str: 10    XL:     3   Next: 64%
Magic:  5/5        EV: 26    Int: 13    God:
Gold:   86         SH:  0    Dex: 18    Spells: 2/2 levels left

rFire   . . .        Y - +0 shortbow
rCold   . . .        (shield currently unavailable)
rNeg    . . .        i - +0 ring mail
rPois   .            (no helmet)
rElec   .            (no cloak)
rCorr   .            (no gloves)
SInv    .            d - +2 pair of boots
Will    .....        f - amulet of the acrobat
Stlth   +            (no ring)
HPRegen 0.23/turn    (no ring)
MPRegen 0.09/turn

%: acrobat
@: lethally poisoned (0 -> -1), acrobatic
A: no striking features
a: no special abilities


You were on level 2 of the Dungeon.
You visited 1 branch of the dungeon, and saw 2 of its levels.

You collected 86 gold pieces.


   Skills:
 - Level 1.5 Fighting
 + Level 7.1 Ranged Weapons
 - Level 2.4 Dodging
 - Level 1.2 Stealth


You had 2 spell levels left.
You didn't know any spells.
Your spell library was empty.

Inventory:

Hand Weapons
 Y - a +0 shortbow (weapon)
Armour
 d - a +2 pair of boots (worn)
 i - a +0 ring mail (worn)
Jewellery
 f - an amulet of the acrobat (around neck)
Scrolls
 h - a scroll of identify
Potions
 e - a potion of mutation
 g - a potion of enlightenment {unknown}
 j - a potion of cancellation

Dungeon Overview and Level Annotations

Branches:
Dungeon (2/15)

Altars:


Message History

1553 ||| READING 2 scrolls of identify.
As you read the scroll of identify, it crumbles to dust.
e - a potion of mutation;
1553 ||| IDENTIFYING dark potion Done exploring.
1554 ||| DROPPING scroll of noise.
You drop a scroll of noise.
Done exploring.
(D) Dungeon
Where to? (* - list waypoints, Enter - D:2, ? - help)
What level of the Dungeon? (default 1, ? - help) Sorry, I don't know how to get there.
Enter note:
Enter note:
Enter note:
Enter note:
Enter note:
Enter note:
Enter note:
Enter note:
Enter note: Really walk into that cloud of poison gas?
You are engulfed in poison gas.
You are poisoned.
You feel very sick.
1556 ||| Stepping ~*~*~tactically~*~*~ (cloud).
You feel very sick.
Things that are here:
a scroll of noise; a +0 leather armour
There is a lethal amount of poison in your body!
You feel very sick.
There is a lethal amount of poison in your body!
You feel sick.
There is a lethal amount of poison in your body!
You feel sick.
There is a lethal amount of poison in your body!
You feel sick.
There is a lethal amount of poison in your body!
You feel sick.
There is a lethal amount of poison in your body!
You feel sick.
There is a lethal amount of poison in your body!
You die...

#..........#.......#
#..#
#.#########.#####.##
#.%# ###.#### ###
#.#####..# ..#....#
#........# #.####.#
#.#####.###### ..#
#.# #.# #......##
..# #.# #<#
#####...# ..# #.#
####0# #.#.. ..# #.#
#@..0# #...# ..# #.#
#0##0# #####
..####.# #.##.# #.
.......# #0##.# #.
%.###### #.##.# #.
..########## #.##.#
#. ...........#
#.##.# #.
.#########.# #0##.#
##########. .# #.#
#.##.# #..........


There were no monsters in sight!

Vanquished Creatures
  An adder (D:2)
  2 dart slugs (D:2)
  A ball python (D:1)
  3 bats
  2 endoplasms
  A giant cockroach (D:2)
  2 goblins
  6 hobgoblins
  7 jackals
  2 kobolds (D:1)
  2 quokkas (D:2)
  2 frilled lizards (D:2)
  4 rats
35 creatures vanquished.

Notes
Turn   | Place    | Note
-------+----------+-------------------------------------------
     0 | D:1      | qw the Deep Elf Hunter began the quest for the Orb.
     0 | D:1      | Reached XP level 1. HP: 12/12 MP: 3/3
     0 | D:1      | 0 ||| qw: Version: 0.3-a-22-g0ed2b0b
     0 | D:1      | 0 ||| qw: Game counter: 6089
     0 | D:1      | 0 ||| qw: Melee chars always use a shield: true
     0 | D:1      | 0 ||| qw: God list: Okawaru
     0 | D:1      | 0 ||| qw: Allow faded altars: false
     0 | D:1      | 0 ||| qw: Do Orc after clearing Dungeon:15 true
     0 | D:1      | 0 ||| qw: Do second Lair branch before Depths: true
     0 | D:1      | 0 ||| qw: Lair rune preference: random
     0 | D:1      | 0 ||| qw: Goals: Normal
     0 | D:1      | 0 ||| PLANNING D:1-11
   155 | D:1      | Reached XP level 2. HP: 16/16 MP: 4/4
   156 | D:1      | Reached skill level 6 in Ranged Weapons
   733 | D:1      | 733 ||| UPGRADING to +0 pair of boots.
   738 | D:1      | 738 ||| UPGRADING to amulet of the acrobat.
   743 | D:1      | 743 ||| READING scroll labelled YDUEDU OSATZ.
   744 | D:1      | 744 ||| DROPPING scroll of butterflies.
   999 | D:2      | Reached XP level 3. HP: 9/20 MP: 5/5
  1226 | D:2      | Reached skill level 7 in Ranged Weapons
  1533 | D:2      | 1533 ||| UPGRADING to +0 ring mail.
  1543 | D:2      | 1543 ||| DROPPING +0 leather armour.
  1544 | D:2      | 1544 ||| READING scroll labelled BANETI IL LISTRO.
  1545 | D:2      | 1545 ||| READING 3 scrolls labelled BUNOAMNAIKI.
  1546 | D:2      | 1546 ||| READING 2 scrolls of enchant armour.
  1546 | D:2      | 1546 ||| ENCHANTING +0 pair of boots.
  1547 | D:2      | 1547 ||| READING scroll of enchant armour.
  1547 | D:2      | 1547 ||| ENCHANTING +1 pair of boots.
  1548 | D:2      | 1548 ||| READING 2 scrolls labelled ZODONI JEO.
  1549 | D:2      | 1549 ||| READING scroll labelled REUVABO VUJOST.
  1550 | D:2      | 1550 ||| READING scroll labelled FIFOGRUMPU.
  1551 | D:2      | 1551 ||| READING scroll labelled NISETO JIMOM.
  1552 | D:2      | 1552 ||| DRINKING 2 lumpy grey potions.
  1553 | D:2      | 1553 ||| READING 2 scrolls of identify.
  1553 | D:2      | 1553 ||| IDENTIFYING dark potion
  1554 | D:2      | 1554 ||| DROPPING scroll of noise.
  1556 | D:2      | 1556 ||| Stepping ~*~*~tactically~*~*~ (cloud).
  1558 | D:2      | HP: 5/20 [poisoned by you (poison gas)]
  1560 | D:2      | HP: 2/20 [poisoned by you (poison gas)]
  1563 | D:2      | Succumbed to their own poison gas

Levels and vault maps discovered:
D:1:      dpeg_arrival_central, layout_basic, minivault_19
D:2:      layout_loops_ring

Skill      XL: |  1  2  3 |
---------------+----------+-----
Ranged Weapons | 6 7 |  7.1
Fighting       | |  1.5
Dodging        | |  2.4
Stealth        | |  1.2

Action                     || total
---------------------------++-------
   Fire: Shortbow          ||   103
    Use: Scroll            ||    10
         Potion            ||     1
 Armour: Leather armour    ||    21
  Dodge: Dodged            ||    60

Table legend:
 A = Non-vault XP
 B = Vault XP
 C = Vault XP percentage of total XP
 D = Non-vault monster count
 E = Vault monster count
 F = Vault count percentage of total count
                 A         B        C        D         E       F
            +---------+---------+-------+---------+---------+-------
      Total |      77 |       0 |   0.0 |      35 |       0 |   0.0
            +---------+---------+-------+---------+---------+-------
        D:1 |      28 |       0 |   0.0 |      15 |       0 |   0.0
        D:2 |      49 |       0 |   0.0 |      20 |       0 |   0.0
            +---------+---------+-------+---------+---------+-------
